 Dungeon Crawl Stone Soup version 0.31-a0-986-g5e6e4ef867 (webtiles) character file.

Game seed: 5835948610033646132

119 CowFu the Changeling (level 4, 0/35 HPs)
             Began as a Draconian Shapeshifter on Nov 17, 2023.
             Killed by nerve-wracking pain
             ... invoked by Grinder
              (13 damage)
             ... on level 3 of the Dungeon.
             The game lasted 00:02:09 (2427 turns).

CowFu the Changeling (Draconian Shapeshifter)       Turns: 2427, Time: 00:02:10

Health: 0/35       AC:  5    Str: 19    XL:     4   Next: 74%
Magic:  4/4        EV: 12    Int: 10    God:
Gold:   118        SH:  0    Dex: 10    Spells: 3/3 levels left

rFire   . .          .
                       - Unarmed
rCold   + . .        (no shield)
rNeg    . . .        (body armour unavailable)
rPois   .            (helmet currently unavailable)
rElec   .            (cloak currently unavailable)
rCorr   .            (gloves currently unavailable)
SInv    .            (boots currently unavailable)
Will    +....        (no amulet)
Stlth   +            d - ring of wizardry
HPRegen 0.25/turn    n - ring of protection from cold
MPRegen 0.09/turn

%: wizardry (x1)
@: beast-form, enlightened, flying
A: beast (slay +2), AC +5, unfitting armour, cold-blooded
a: Begin Untransformation


You were on level 3 of the Dungeon.
You were a hulking beast.
You visited 1 branch of the dungeon, and saw 3 of its levels.

You collected 118 gold pieces.

Inventory:

Jewellery
 d - a ring of wizardry (left hand)
 n - a ring of protection from cold (right hand)
Talismans
 b - a beast talisman
 c - a flux talisman
Scrolls
 e - a scroll of torment {unknown}
 g - a scroll of immolation {unknown}
 h - a scroll of amnesia {unknown}
 j - a scroll of teleportation {unknown}
 k - a scroll of identify {unknown}
 o - a scroll of fog {unknown}
 q - a scroll of vulnerability {unknown}
Potions
 a - a potion of lignification
 f - a potion of enlightenment
 i - a potion of haste {unknown}
 l - 2 potions of curing {unknown}
 m - 2 potions of degeneration {unknown}
 p - a potion of brilliance {unknown}


   Skills:
 - Level 1.1 Fighting
 - Level 1.7 Dodging
 - Level 3.0 Unarmed Combat
 + Level 5.2 Shapeshifting


You had 3 spell levels left.
You didn't know any spells.
Your spell library contained the following spells:

 Spells                   Type           Power      Damage    Failure   Level
 Sandblast                Erth           0%         2d4       16%         1
 Cigotuvi's Dreadful Rot  Necr/Pois/Air  0%         N/A       22%         2
 Passwall                 Tmut/Erth      0%         N/A       22%         2
 Ignite Poison            Fire/Tmut/Pois 0%         N/A       41%         3
 Stone Arrow              Conj/Erth      0%         3d7       41%         3
 Anguish                  Hex/Necr       0%         N/A       80%         4
 Brom's Barrelling Bould  Conj/Erth      0%         2d3       80%         4
 Cause Fear               Hex            0%         N/A       80%         4
 Freezing Cloud           Conj/Ice/Air   0%         6-21      98%         5
 Enfeeble                 Hex            0%         N/A       100%        7


Dungeon Overview and Level Annotations

Branches:
Dungeon (3/15)

Altars:
Cheibriados
Trog

Shops:
D:1 =

Annotations:
D:3 Grinder


Innate Abilities, Weirdness & Mutations

You are a hulking beast.
Your limbs bulge with bestial killing power. (Slay +2)
Your plain brown scales are hard. (AC +5)
You cannot fit into any form of body armour.
You are cold-blooded and may be slowed by cold attacks.


Message History

You kill the quokka!
As you open the door, it creaks loudly!
Found a book of Geomancy.
No target in view!
There is an open door here.
You pick up a book of Geomancy and begin reading...
You add the spells Sandblast, Passwall, Stone Arrow and Brom's Barrelling Boulder to your library.
No target in view!
You open the door.
Grinder comes into view.
Grinder shouts!
Grinder gestures at you. Pain shoots through your body!
Found a bloodstained altar of Trog.
There is an open door here.
Grinder is nearby!
Grinder is nearby!
It was a potion of enlightenment.
You feel very buoyant.
You fly up into the air.
Grinder hits you.
You writhe in agony.
You punch Grinder! You tail-slap Grinder!
Grinder is moderately wounded.
Grinder grins, showing sharp teeth.
Grinder barely misses you.
You hit Grinder.
Grinder is heavily wounded.
Grinder blinks!
There is an open door here.
Grinder misses you.
You closely miss Grinder.
Grinder is heavily wounded.
Grinder gestures at you. Pain shoots through your body!
You hit Grinder but do no damage.
Grinder is heavily wounded.
Grinder blinks!
Grinder gestures at you. Pain shoots through your body!
You die...
Grinder says, "Now the real fun starts!"

#.#####.#........# #.#.##)#
#.# #.########## #......#
#.# #.# ###⌠#⌠### ###.####
#.# #..##≈≈≈≈≈≈≈## #.# #.#
####⌠§.....≈⌠# #.# ###.#
####§§.5..§#####.# #...##
##.#⌠≈§....≈⌠##.#.#
#....####..##≈§§.≈≈≈##....#
........+..≈####h####§....#
#..>.####..≈≈§≈≈.≈≈≈≈≈....#
#.#.##
##......§######.#.####
#.### ##.....## #........#
#..# ##...## #.#...##.#
##.# ##'## #.#.####.# #.#
#.# #.#.# #.# #.# #.#
#.#.####.# #.##########.##
#........#


You could see Grinder.

Vanquished Creatures
  3 adders
  A white imp (D:3)
  3 worms
  An orc (D:3)
  7 ball pythons
  6 endoplasms
  4 giant cockroaches
  9 goblins
  6 hobgoblins
  3 jackals
  6 quokkas
  4 bats
  4 frilled lizards
  6 kobolds
  7 rats
70 creatures vanquished.

Notes
Turn   | Place    | Note
-------+----------+-------------------------------------------
     0 | D:1      | CowFu the Draconian Shapeshifter began the quest for the
                  | Orb.
     0 | D:1      | Reached XP level 1. HP: 16/16 MP: 1/1
   114 | D:1      | Found Urier's Jewellery Boutique.
   193 | D:1      | Reached XP level 2. HP: 23/23 MP: 2/2
   665 | D:1      | Reached skill level 4 in Shapeshifting
   886 | D:2      | Reached XP level 3. HP: 28/28 MP: 3/3
  1697 | D:3      | Reached XP level 4. HP: 11/35 MP: 4/4
  1892 | D:3      | Found a snail-covered altar of Cheibriados.
  1967 | D:3      | Reached skill level 5 in Shapeshifting
  2417 | D:3      | Found a bloodstained altar of Trog.
  2417 | D:3      | Noticed Grinder
  2427 | D:3      | Killed from afar by Grinder

Illustrated notes

Levels and vault maps discovered:
D:1:      dpeg_arrival_castle, layout_basic, serial_forest,
          infiniplex_forest_clump_large, infiniplex_forest_clump_double,
          infiniplex_forest_clump_curved, infiniplex_forest_lined_2,
          infiniplex_forest_lined_4_way, serial_shops, shop, minmay_quantized
D:2:      layout_basic
D:3:      layout_loops_corners, mainiacjoe_overflow_brackets,
          lightli_temple_of_fire, uniq_grinder

Skill      XL: |  1  2  3  4 |
---------------+-------------+-----
Shapeshifting  | 4 5 |  5.2
Fighting       | |  1.1
Dodging        | |  1.7
Unarmed Combat | |  3.0

Action                     |  1- 3 |  4- 6 || total
---------------------------+-------+-------++-------
  Melee: Unarmed           |   135 |    59 ||   194
         Tailslap          |    15 |     9 ||    24
         Punch             |     1 |     1 ||     2
    Use: Potion            |       |     1 ||     1
 Armour: Skin              |    59 |    27 ||    86
  Dodge: Dodged            |    80 |    31 ||   111

Table legend: (Time is in decaauts)
 A = Elapsed time spent in this place.
 B = Non-inter-level travel time spent in this place.
 C = Inter-level travel time spent in this place.
 D = Time resting spent in this place.
 E = Time spent auto-exploring this place.
 F = Levels seen in this place.
 G = Mean time per level.
                   A        B        C        D        E       F      G
               +--------+--------+--------+--------+--------+-----+--------+
         Total |   2420 |   2352 |     68 |      0 |   1940 |   3 |  806.7 |
       Dungeon |   2420 |   2352 |     68 |      0 |   1940 |   3 |  806.7 |
               +--------+--------+--------+--------+--------+-----+--------+

Top non-repeatable levels by time:
     D:1: 874 daAuts
     D:3: 774 daAuts
     D:2: 771 daAuts
